 Dungeon Crawl Stone Soup version 0.22.1-1-ga44c0e5 (webtiles) character file.

3000 dvd the Basher (level 9, -10/54 HPs)
             Began as a Gargoyle Monk on Oct 17, 2018.
             Was a Follower of Ashenzari.
             Mangled by a red ugly thing (20 damage)
             ... on level 8 of the Dungeon.
             The game lasted 00:16:31 (6163 turns).

dvd the Basher (Gargoyle Monk)                      Turns: 6163, Time: 00:16:32

Health: -10/54     AC: 23    Str: 21    XL:     9   Next: 84%
Magic:  0/9        EV:  7    Int: 10    God:    Ashenzari [*.....]
Gold:   295        SH: 11    Dex: 15    Spells: 8/8 levels left

rFire    . . .     SeeInvis .   a - +2 mace (crush)
rCold    + . .     Gourm    .   l - +0 shield
rNeg     + . .     Faith    .   M - +2 plate armour {rPois}
rPois    ∞         Spirit   +   (no helmet)
rElec    +         Reflect  .   (no cloak)
rCorr    .         Harm     .   x - +0 pair of gloves (curse)
MR       .....                  E - +0 pair of boots
Stlth    ..........             K - amulet of guardian spirit (curse)
HPRegen  0.18/turn              i - +5 ring of strength (curse)
MPRegen  0.11/turn              B - ring of protection from cold

@: no status effects
A: negative energy resistance 1, electricity resistance, unbreathing,
petrification resistance, rot immunity, AC +6
a: Curse Item, Scrying, Renounce Religion


You were on level 8 of the Dungeon.
You worshipped Ashenzari.
Ashenzari was aware of your devotion.
You were not hungry.

You visited 2 branches of the dungeon, and saw 9 of its levels.

You collected 295 gold pieces.

Inventory:

Hand Weapons
 a - a +2 mace of crushing (weapon)
 b - a +0 hand axe of freezing
 h - a +2 whip of flaming
 v - the +5 dire flail "Caugoash" {pain, *Corrode rN+ Str+3 Stlth+}
   (You took it off an ogre on level 7 of the Dungeon)

   In the hands of one skilled in necromantic magic, it inflicts extra damage on
   living creatures.
   It affects your strength (+3).
   It protects you from negative energy.
   It may corrode you when you take damage.
   It makes you more stealthy.
 H - a +1 spear of freezing
Missiles
 q - 2 javelins (quivered)
Armour
 l - a +0 shield (worn)
 x - a cursed +0 pair of gloves (worn)
 y - a +0 scale mail
 E - a +0 pair of boots (worn)
 M - a +2 plate armour of poison resistance (worn)
Jewellery
 i - a cursed +5 ring of strength (left hand)
 B - a ring of protection from cold (right hand)
 I - an uncursed ring of see invisible
 K - a cursed amulet of guardian spirit (around neck)
Wands
 n - a wand of random effects (31)
 A - a wand of iceblast (6)
Scrolls
 d - 4 scrolls of teleportation {unknown}
 e - 11 scrolls of identify {unknown}
 g - a scroll of fear {unknown}
 j - 2 scrolls of noise {unknown}
 o - 3 scrolls of remove curse
 r - a scroll of magic mapping {unknown}
 s - a scroll of enchant weapon {unknown}
 t - a scroll of fog {unknown}
 w - 2 scrolls of amnesia {unknown}
 G - 2 scrolls of random uselessness {unknown}
 N - a scroll of blinking {unknown}
Potions
 f - 2 potions of haste {unknown}
 k - a potion of mutation {unknown}
 m - 2 potions of degeneration {unknown}
 p - 2 potions of lignification {unknown}
 u - 3 potions of brilliance {unknown}
 z - 3 potions of heal wounds {unknown}
 C - a potion of resistance {unknown}
 D - a potion of flight {unknown}
 F - a potion of magic {unknown}
 J - 3 potions of curing
Comestibles
 c - 13 rations
 L - 5 chunks of flesh


   Skills:
 + Level 5.5 Fighting
 + Level 9.1 Maces & Flails
 + Level 0.3 Throwing
 + Level 5.8 Armour
 + Level 4.4 Dodging
 + Level 2.8 Stealth
 + Level 6.4 Shields


You had 8 spell levels left.
You didn't know any spells.
Your spell library contained the following spells:

 Spells                   Type           Power        Failure   Level  Hunger
 Shock                    Conj/Air       #...         100%        1    ##.....
 Swiftness                Chrm/Air       #.......     100%        2    ###....
 Static Discharge         Conj/Air       #.......     100%        3    ####...
 Airstrike                Air            #.........   100%        4    #####..
 Lightning Bolt           Conj/Air       #.........   100%        5    ######.


Dungeon Overview and Level Annotations

Branches:
Dungeon (8/15)             Temple (1/1) D:7
   Lair: D:8-11

Altars:
Ashenzari
Dithmenos
Elyvilon
Fedhas
Gozag
Hepliaklqana
Kikubaaqudgha
Makhleb
Nemelex Xobeh
Okawaru
Ru
Sif Muna
Trog
Vehumet
Wu Jian
Xom
Yredelemnul
Zin
The Shining One


Innate Abilities, Weirdness & Mutations

You are resistant to torment.
Your stone body is resilient. (AC +6)
You are immune to poison.
You resist negative energy. (rN+)
You are resistant to electric shocks. (rElec)
You can survive without breathing.
You are immune to petrification.
You are immune to rotting.


Message History

The bullfrog skeleton is severely damaged.
You block the bullfrog skeleton's attack.
You sock the red ugly thing!
The red ugly thing is lightly wounded.
The red ugly thing engulfs you.
You are engulfed in flames!
You hit the red ugly thing.
The red ugly thing is lightly wounded.
You block the red ugly thing's attack.
You hit the red ugly thing.
The red ugly thing is lightly wounded.
The red ugly thing engulfs you!
You are engulfed in flames!!
You hit the red ugly thing.
The red ugly thing is moderately wounded.
The red ugly thing engulfs you but does no damage.
You closely miss the red ugly thing.
The red ugly thing is moderately wounded.
The red ugly thing engulfs you!
* * * LOW HITPOINT WARNING * * *
You are engulfed in flames!!
You die...

...............#
.......<.......#
...............#
..............##
.............##
.....###.#.###
..... #.#KZ#
#### #.##u#
#.##@# #.##.# ..
... ##.## #.#
#.. ... ...


You could see a red ugly thing, a kobold and a bullfrog skeleton.

Vanquished Creatures
  Pikel (D:5)
  The ghost of kalagan the Geomancer, a novice DEEE of Qazlal (D:7)
  Eustachio (D:5)
  An orc warrior (D:7)
  2 sky beasts
  2 phantoms (D:6)
  A slave (D:5)
  5 ogres
  A necrophage (D:6)
  A bullfrog (D:7)
  A big kobold (D:6)
  A scorpion (D:5)
  A wight (D:6)
  A howler monkey (D:6)
  5 crimson imps
  3 hounds
  An orc priest (D:3)
  3 bullfrog skeletons
  An iguana (D:7)
  Jessica (D:3)
  Ijyb (D:5)
  An orc wizard (D:3)
  3 worker ants
  A hound zombie (D:6)
  A howler monkey zombie (D:6)
  3 gnolls (D:3)
  A howler monkey skeleton (D:5)
  6 adders
  A shadow imp (D:7)
  2 oozes
  An adder zombie (D:7)
  A worm (D:4)
  3 dart slugs
  5 leopard geckos
  12 orcs
  A ball python (D:1)
  7 bats
  2 bat zombies (D:2)
  9 giant cockroaches
  6 goblins
  5 hobgoblins
  2 jackals (D:3)
  11 kobolds
  A quokka (D:4)
  4 frilled lizards
  A kobold zombie (D:5)
  3 leopard gecko skeletons
  A quokka zombie (D:5)
  6 rats
  A rat zombie (D:2)
136 creatures vanquished.

Vanquished Creatures (others)
  A worm zombie (D:5)
  An orc (D:5)
2 creatures vanquished.

Grand Total: 138 creatures vanquished

Notes
Turn   | Place    | Note
-------+----------+-------------------------------------------
     0 | D:1      | dvd the Gargoyle Monk began the quest for the Orb.
     0 | D:1      | Reached XP level 1. HP: 14/14 MP: 1/1
   300 | D:1      | Reached XP level 2. HP: 18/19 MP: 2/2
   593 | D:1      | Reached XP level 3. HP: 22/23 MP: 3/3
   885 | D:2      | Found an ancient bone altar of Kikubaaqudgha.
  1576 | D:3      | Reached XP level 4. HP: 29/29 MP: 4/4
  1674 | D:3      | Reached skill level 4 in Maces & Flails
  1836 | D:3      | Noticed Jessica
  1845 | D:3      | Killed Jessica
  1845 | D:3      | Reached skill level 1 in Armour
  1845 | D:3      | Reached XP level 5. HP: 32/33 MP: 5/5
  2170 | D:3      | Found an iron altar of Okawaru.
  2435 | D:4      | Reached XP level 6. HP: 34/38 MP: 6/6
  2775 | D:5      | Entered Level 5 of the Dungeon
  2804 | D:5      | Reached skill level 1 in Shields
  2821 | D:5      | Reached skill level 5 in Maces & Flails
  2850 | D:5      | Noticed Eustachio
  2900 | D:6      | Noticed a phantom
  2955 | D:6      | Noticed a necrophage
  2957 | D:6      | Noticed a phantom
  2965 | D:5      | Found a glowing silver altar of Zin.
  3087 | D:6      | Reached XP level 7. HP: 17/43 MP: 7/7
  3139 | D:6      | Found a hazy altar of Hepliaklqana.
  3167 | D:6      | Found an ornate altar of the Wu Jian Council.
  3198 | D:6      | Found a burning altar of Makhleb.
  3232 | D:6      | Found a radiant altar of Vehumet.
  3501 | D:6      | Reached skill level 6 in Maces & Flails
  3532 | D:6      | Reached XP level 8. HP: 20/48 MP: 8/8
  3806 | D:6      | You fall through a shaft!
  3863 | D:7      | Found a transporter.
  3863 | D:7      | Noticed kalagan's ghost (novice DEEE)
  3864 | D:7      | Found a transporter.
  3935 | D:7      | Found a sparkling altar of Nemelex Xobeh.
  4478 | D:5      | Reached skill level 7 in Maces & Flails
  4510 | D:5      | Noticed Pikel
  4573 | D:5      | Killed Pikel
  4573 | D:5      | Reached skill level 5 in Fighting
  4573 | D:5      | Reached skill level 5 in Armour
  4573 | D:5      | Reached skill level 5 in Shields
  4573 | D:5      | Reached XP level 9. HP: 52/54 MP: 9/9
  4588 | D:5      | Killed Eustachio
  4588 | D:5      | Reached skill level 8 in Maces & Flails
  4697 | D:5      | Noticed Ijyb
  4704 | D:5      | Killed Ijyb
  4943 | D:5      | Found a shadowy altar of Dithmenos.
  4943 | D:5      | Found a white marble altar of Elyvilon.
  5504 | D:7      | Found a staircase to the Ecumenical Temple.
  5525 | Temple   | Entered the Ecumenical Temple
  5592 | Temple   | Became a worshipper of Ashenzari the Shackled
  5592 | Temple   | Reached * piety under Ashenzari
  5592 | Temple   | Reached ** piety under Ashenzari
  5822 | D:7      | Got the dire flail "Caugoash" {pain, *Corrode rN+ Str+3
                  | Stlth+}
  5960 | D:7      | Killed kalagan's ghost
  5960 | D:7      | Reached skill level 9 in Maces & Flails
  6143 | D:8      | Found a radiant altar of Vehumet.
  6146 | D:8      | Noticed a red ugly thing
  6163 | D:8      | Mangled by a red ugly thing

Skill      XL: |  1  2  3  4  5  6  7  8  9 |
---------------+----------------------------+-----
Fighting       | 4 5 |  5.5
Dodging        | 3 4 |  4.4
Maces & Flails | 4 5 6 7 9 |  9.1
Armour         | 1 2 3 5 |  5.8
Shields        | 2 3 5 6 |  6.4
Throwing       | |  0.3
Stealth        | |  2.8

Action                   |  1- 3 |  4- 6 |  7- 9 || total
-------------------------+-------+-------+-------++-------
Melee: Mace              |    94 |   194 |   375 ||   663
Throw: Javelin           |     2 |     1 |     1 ||     4
       Stone             |     1 |       |       ||     1
Invok: Curse Item        |       |       |     2 ||     2
 Stab: Sleeping          |     1 |       |       ||     1
  Eat: Chunk             |     2 |     5 |    11 ||    18
Armor: Robe              |    18 |       |       ||    18
       Chain mail        |    23 |       |       ||    23
       Ring mail         |     8 |    29 |       ||    37
       Scale mail        |       |   101 |    87 ||   188
       Plate armour      |       |       |    93 ||    93
Dodge: Dodged            |    59 |   107 |    83 ||   249
Block: Shield            |     9 |   103 |   177 ||   289
